 Dungeon Crawl Stone Soup version 0.26.0-45-g9c1d065592 (webtiles) character file.

Game seed: 3347220669180392628

1330 OdinFK the Sneak (level 8, -1/44 HPs)
             Began as a Kobold Enchanter on Jan 27, 2021.
             Killed from afar by Dowan (22 damage)
             ... with a shard of ice
             ... on level 6 of the Dungeon on Jan 29, 2021.
             The game lasted 00:42:36 (6918 turns).

OdinFK the Sneak (Kobold Enchanter)                 Turns: 6918, Time: 00:42:36

Health: -1/44      AC:  2    Str: 11    XL:     8   Next: 91%
Magic:  6/11       EV: 19    Int: 17    God:
Gold:   246        SH:  0    Dex: 23    Spells: 5/11 levels left

rFire    + . .     SeeInvis .   a - +1 dagger
rCold    . . .     Faith    .   (shield restricted)
rNeg     . . .     Spirit   .   q - +0 robe {rF+}
rPois    .         Reflect  .   (no helmet)
rElec    .         Harm     .   (no cloak)
rCorr    .         Rampage  .   (no gloves)
Will     .....                  (no boots)
Stlth    +++++.....             (no amulet)
HPRegen  0.14/turn              y - +6 ring of strength
MPRegen  0.12/turn              B - +6 ring of dexterity

@: no status effects
A: small, nightstalker 3
a: no special abilities


You were on level 6 of the Dungeon.
You visited 2 branches of the dungeon, and saw 8 of its levels.

You collected 246 gold pieces.

Inventory:

Hand Weapons
 a - a +1 dagger (weapon)
 b - a +0 hunting sling
 e - a +0 dagger of holy wrath
Missiles
 f - 5 poisoned darts (quivered)
 m - 219 stones
 o - 16 sling bullets
Armour
 h - a cursed -2 leather armour
 q - a +0 robe of fire resistance (worn)
 r - a +0 buckler
Jewellery
 y - a +6 ring of strength (left hand)
 B - a +6 ring of dexterity (right hand)
Scrolls
 d - 3 scrolls of amnesia
 i - 2 scrolls of identify
 p - a scroll of blinking {unknown}
 s - a scroll of fog {unknown}
 t - a scroll of teleportation
 u - 2 scrolls of remove curse
 w - a scroll of random uselessness {unknown}
 z - a scroll of enchant weapon {unknown}
 C - 2 scrolls of magic mapping {unknown}
Potions
 c - a potion of experience {unknown}
 g - a potion of degeneration {unknown}
 l - 3 potions of ambrosia {unknown}
 n - 2 potions of haste {unknown}
 v - a potion of cancellation {unknown}
 x - a potion of heal wounds {unknown}
 A - a potion of lignification {unknown}
 D - a potion of brilliance {unknown}


   Skills:
 - Level 2.0 Fighting
 + Level 5.9 Short Blades
 - Level 3.0 Throwing
 + Level 4.9 Dodging
 + Level 7.7 Stealth
 + Level 2.7 Shields
 - Level 2.1 Spellcasting
 - Level 5.0 Hexes
 - Level 2.0 Ice Magic


You had 5 spell levels left.
You knew the following spells:

 Your Spells              Type           Power        Failure   Level
a - Corona                Hex            20%          2%          1
b - Ensorcelled Hibernat  Hex/Ice        26%          7%          2
c - Confusing Touch       Hex            18%          8%          3

Your spell library contained the following spells:

 Spells                   Type           Power        Failure   Level
 Tukima's Dance           Hex            18%          8%          3
 Magic Dart               Conj           4%           19%         1
 Dazzling Flash           Conj/Hex       20%          21%         3
 Cause Fear               Hex            9%           24%         4
 Searing Ray              Conj           2%           28%         2
 Fulminant Prism          Conj/Hex       5%           56%         4
 Iskenderun's Mystic Bla  Conj/Tloc      1%           88%         4
 Silence                  Hex/Air        5%           88%         5
 Yara's Violent Unravell  Hex/Tmut       5%           88%         5
 Discord                  Hex            9%           100%        8


Dungeon Overview and Level Annotations

Branches:
Dungeon (7/15)             Temple (1/1) D:7

Altars:
Ashenzari
Cheibriados
Dithmenos
Fedhas
Gozag
Hepliaklqana
Kikubaaqudgha
Makhleb
Okawaru
Qazlal
Ru
Trog
Uskayaw
Vehumet
Xom
The Shining One

Annotations:
D:6 Dowan


Innate Abilities, Weirdness & Mutations

You are small and have problems with some larger weapons.
You are completely attuned to the shadows.


Message History

You throw a poisoned dart. The poisoned dart hits Dowan.
Dowan looks even sicker.
Dowan is lightly wounded.
Dowan misses you.
Throw: 7 darts (poison)
Press: ? - help, Q - select action, (/) - cycle Shift-Dir - straight line, f/p - Dowan
Aim: Dowan, wielding a +0 dagger and wearing a +0 robe (moderately wounded, fast, very poisoned, chance to confuse on hit: 49%, 56% to hit)
You throw a poisoned dart. The poisoned dart barely misses Dowan.
Your hands stop glowing.
Dowan hits you with a +0 dagger. Dowan misses you.
Throw: 6 darts (poison)
Press: ? - help, Q - select action, (/) - cycle Shift-Dir - straight line, f/p - Dowan
Aim: Dowan, wielding a +0 dagger and wearing a +0 robe (moderately wounded, fast, very poisoned, 56% to hit)
You throw a poisoned dart. The poisoned dart hits Dowan.
Dowan looks even sicker.
Dowan is moderately wounded.
Dowan gestures at you while chanting. The shard of ice hits you!!
Ouch! That really hurt!
You die...

##...##### ##...##.<# .#...#...#
'#...#..## #.....#### ###########
.......... #.........# ...♣......
#.........## ### ..........
#..........# #####.. #.....###.
#....@e..(.#####..)... '#...#'.##
########(#....#...#...
.#...#.).########...<).#.#.###...
##...##.>#.......................
.....#########........#.#...##..
####...#######)##.#...#.#...##..
##......#.......##.#####.#...####
...##.###.###...##.# ..........
...................# .........


You could see Dowan (fast, very poisoned).

Vanquished Creatures
  Duvessa (D:6)
  An ice beast (D:6)
  A wolf (D:4)
  2 ogres (D:6)
  2 bullfrogs
  5 scorpions
  A jelly (D:7)
  2 hounds
  An orc wizard (D:7)
  An iguana (D:4)
  Terence (D:3)
  3 worker ants
  12 adders
  A gnoll (D:7)
  A white imp (D:7)
  2 oozes
  An ufetubus (D:5)
  An adder skeleton (D:5)
  A worm (D:2)
  5 dart slugs
  8 leopard geckos
  13 orcs
  7 giant cockroaches
  6 goblins
  10 hobgoblins
  4 jackals (D:1)
  6 quokkas
  3 ball pythons
  11 bats
  5 frilled lizards
  6 kobolds
  A leopard gecko zombie (D:5)
  9 rats
134 creatures vanquished.

Vanquished Creatures (others)
  3 fungi (D:2)
  8 plants (D:2)
11 creatures vanquished.

Grand Total: 145 creatures vanquished

Notes
Turn   | Place    | Note
-------+----------+-------------------------------------------
     0 | D:1      | OdinFK the Kobold Enchanter began the quest for the Orb.
     0 | D:1      | Reached XP level 1. HP: 10/10 MP: 3/3
   209 | D:1      | Reached XP level 2. HP: 13/16 MP: 5/5
   509 | D:1      | Reached XP level 3. HP: 15/20 MP: 6/6
   580 | D:1      | Reached skill level 1 in Fighting
  1044 | D:2      | Noticed a scorpion
  1101 | D:2      | Reached skill level 1 in Throwing
  1115 | D:2      | Reached XP level 4. HP: 25/25 MP: 7/7
  1210 | D:2      | Reached skill level 5 in Stealth
  1210 | D:2      | Reached XP level 5. HP: 24/29 MP: 8/8
  1389 | D:2      | Found a sacrificial altar of Ru.
  1694 | D:2      | Learned a level 2 spell: Ensorcelled Hibernation
  1698 | D:2      | Learned a level 3 spell: Confusing Touch
  1726 | D:3      | Noticed Terence
  1739 | D:3      | Killed Terence
  1740 | D:3      | Reached XP level 6. HP: 29/34 MP: 9/9
  2648 | D:4      | Noticed an ogre
  2801 | D:4      | Reached skill level 1 in Shields
  2907 | D:4      | Reached skill level 1 in Ice Magic
  3644 | D:5      | Entered Level 5 of the Dungeon
  3811 | D:5      | Reached skill level 6 in Stealth
  3832 | D:5      | Noticed Duvessa
  3971 | D:5      | Noticed a wolf
  4200 | D:4      | Killed a wolf
  4201 | D:4      | Reached XP level 7. HP: 38/38 MP: 7/10
  4439 | D:5      | Noticed a water moccasin
  4474 | D:5      | You fall into a shaft and drop 2 floors!
  5151 | D:7      | Found a staircase to the Ecumenical Temple.
  5157 | Temple   | Entered the Ecumenical Temple
  5418 | D:6      | Reached XP level 8. HP: 43/44 MP: 11/11
  5842 | D:5      | Reached skill level 5 in Hexes
  5983 | D:6      | Reached skill level 5 in Short Blades
  6237 | D:6      | Reached skill level 7 in Stealth
  6900 | D:5      | Noticed Dowan
  6913 | D:6      | Killed Duvessa
  6918 | D:6      | Killed from afar by Dowan

Illustrated notes

Levels and vault maps discovered:
D:1:      lemuel_arrival_broad_hall, layout_rooms
D:2:      minmay_inner_zag, layout_basic, nicolae_ru_the_path_less_chosen
D:3:      layout_loops_ring, uniq_terence
D:4:      layout_basic, minivault_19
D:5:      layout_cave_pools, minmay_overflow_temple_star_hex, serial_gnoll_camp,
          gnoll_camp_mini_basic, gnoll_camp_mini_hut, gnoll_camp_mini_house,
          gnoll_camp_mini_hut, gnoll_camp_mini_basic, minmay_checkerbox,
          uniq_duvessa
D:6:      layout_basic, hangedman_decor_clover_reticule, grunt_ministairs_6,
          uniq_pikel
D:7:      layout_rooms, minmay_temple_entry_glass, chequers_ossuary_entry_cave,
          basic_altar, uniq_joseph
Temple:   regret_index_temple_sphere_string

Skill      XL: |  1  2  3  4  5  6  7  8 |
---------------+-------------------------+-----
Short Blades   | 2 3 4 5 |  5.9
Fighting       | 1 2 |  2.0
Throwing       | 1 2 3 |  3.0
Dodging        | 3 4 |  4.9
Stealth        | 5 6 7 |  7.7
Hexes          | 4 5 |  5.0
Shields        | 1 2 |  2.7
Ice Magic      | 1 2 |  2.0
Spellcasting   | |  2.1

Action                   |  1- 3 |  4- 6 |  7- 9 || total
-------------------------+-------+-------+-------++-------
Melee: Dagger            |    91 |   191 |   105 ||   387
Throw: Dart              |    10 |    28 |    70 ||   108
 Cast: Corona            |     7 |       |       ||     7
       Ensorcelled Hiber |       |     5 |     3 ||     8
       Confusing Touch   |       |       |     1 ||     1
  Use: Scroll            |       |     5 |     2 ||     7
       Potion            |       |     1 |     3 ||     4
 Stab: Sleeping          |    12 |    37 |    11 ||    60
       Distracted        |       |     2 |     1 ||     3
Armor: Robe              |    12 |    28 |     6 ||    46
Dodge: Dodged            |    62 |   139 |   121 ||   322
